 Dungeon Crawl Stone Soup version 0.31-a0-1529-g7bd419a0e5 (webtiles) character file.

Game seed: 2356226542780887537

52 Flugslaktarn the Trooper (level 3, -1/33 HPs)
             Began as a Minotaur Fighter on Jan 1, 2024.
             Was a Follower of Ru.
             Slain by Sigmund
             ... wielding a +0 scythe
              (9 damage)
             ... on level 2 of the Dungeon.
             The game lasted 00:01:02 (1077 turns).

Flugslaktarn the Trooper (Minotaur Fighter)         Turns: 1077, Time: 00:01:02

Health: -1/33      AC:  8    Str: 22    XL:     3   Next: 60%
Magic:  2/2        EV:  9    Int:  5    God:    Ru [*.....]
Gold:   56         SH:  4    Dex:  9    Spells: 2/2 levels left

rFire   . . .        a - +0 war axe
rCold   . . .        c - +0 buckler
rNeg    . . .        b - +0 scale mail
rPois   .            (helmet restricted)
rElec   .            j - +0 cloak
rCorr   .            (no gloves)
SInv    .            (no boots)
Will    .....        (no amulet) Stlth
                     (no ring)
HPRegen 0.25/turn    (no ring)
MPRegen 0.08/turn

%: no passive effects
@: attractive
A: horns 2, no earth magic, no hexes magic, no summoning magic, retaliatory
headbutt
a: Renounce Religion


You were on level 2 of the Dungeon.
You worshipped Ru.
Ru was aware of your devotion.
You visited 1 branch of the dungeon, and saw 2 of its levels.

You collected 56 gold pieces.

Inventory:

Hand Weapons
 a - a +0 war axe (weapon)
Missiles
 i - 2 throwing nets
Armour
 b - a +0 scale mail (worn)
 c - a +0 buckler (worn)
 j - a +0 cloak (worn)
   (You found it on level 2 of the Dungeon)
Scrolls
 h - 3 scrolls of identify {unknown}
Potions
 d - a potion of might
 e - a potion of cancellation {unknown}
 f - a potion of degeneration {unknown}
 g - a potion of attraction
 q - a potion of curing


   Skills:
 + Level 4.1 Fighting
 * Level 3.5 Axes
 + Level 4.1 Armour
 + Level 4.1 Shields


You had 2 spell levels left.
You didn't know any spells.
Your spell library was empty.

Dungeon Overview and Level Annotations

Branches:
Dungeon (2/15)

Altars:
Ru

Shops:
D:1 :((*?

Annotations:
D:2 Sigmund


Innate Abilities, Weirdness & Mutations

You have a pair of horns on your head.
You cannot study or cast Earth magic.
You cannot study or cast Hexes magic.
You cannot study or cast Summoning magic.
You reflexively headbutt those who attack you in melee.


Message History

You barely miss the bat. The bat hits you.
The bat hits you but does no damage. x2
You slash the endoplasm!
You kill the endoplasm!
You hit the bat but do no damage. The bat hits you but does no damage.
You block the bat's attack. x2
You barely miss the bat. You headbutt the bat.
You kill the bat!
No target in view!
No target in view!
No target in view!
No target in view!
No target in view!
No target in view!
No target in view!
No target in view!
You see here a bat corpse.
Sigmund and a quokka come into view.
Sigmund shouts!
A ball python comes into view.
Unknown command.
There are monsters nearby!
There are monsters nearby!
The ball python hisses angrily.
The quokka bites you but does no damage. x2
The ball python bites you but does no damage.
The ball python barely misses you.
You slash the quokka!
You kill the quokka!
You closely miss the ball python.
Sigmund casts a spell.
Sigmund flickers and vanishes!
Deactivating autopickup; reactivate with Ctrl-A.
The ball python bites you but does no damage.
The ball python closely misses you. Something hits you.
You barely miss the ball python.
The ball python bites you but does no damage.
The ball python completely misses you.
The ball python bites you but does no damage.
The ball python grabs you. The ball python constricts you.
You hit the ball python.
The ball python is moderately wounded.
Something hits you. The ball python barely misses you. You furiously retaliate!
You headbutt the ball python.
You kill the ball python!
No target in view!
No target in view!
No target in view!
Unknown command.
Something hits you but does no damage.
No target in view!
You hit something. Your headbutt misses something.
No target in view!
You miss something. You block something's attack.
You miss something. Something hits you but does no damage.
No target in view!
You closely miss something. Your headbutt misses something.
Something hits you but does no damage.
No target in view!
You miss something. Your headbutt misses something. Something hits you.
You slash something! Something hits you but does no damage.
You miss something. Your headbutt misses something.
You hear some strange, mumbled words.
Something tries to affect you, but you resist.
You miss something.
You hear some strange, mumbled words.
You are confused.
You completely miss something.
You hear some strange, mumbled words.
You are more confused.
Something hits you.
You see here a ball python corpse.
You hear some strange, mumbled words.
You are more confused.
You hear some strange, mumbled words.
A magic dart appears from out of thin air!
The magic dart hits you. Something hits you but does no damage.
You bump into the metal wall.
Something hits you!
It was a potion of attraction.
You feel attractive to monsters. Something hits you.
* * * LOW HITPOINT WARNING * * *
Something is attracted toward you.
It was a potion of curing.
You feel better.
q - a potion of curing Something hits you.
Unknown command.
You closely miss something. Your headbutt misses something.
You hear some strange, mumbled words.
A magic dart appears from out of thin air!
The magic dart hits you.
You closely miss something. Something hits you.
* * * LOW HITPOINT WARNING * * *
You completely miss something. Your headbutt misses something.
You hear some strange, mumbled words.
Something tries to affect you, but you resist.
You barely miss something. Your headbutt misses something. Something hits you.
* * * LOW HITPOINT WARNING * * *
You barely miss something. Something hits you!
You die...

#........ .. #.....#.#
### #. #.....#.# #.### ..
#....)#.# ##...### .#
#.....#.# #..#...###.#
#.....#.# ##.####†..#.#
#.....#.# #.....###...#
#.....#.#
#.##†.{@##.#####.....#.#
#..#..8..#..#.........#
#.##....##.##......###...
..(###..#..##......# ...
###...####.###......# ..
#...#..# #......# .
#...## #......# ###.#
#......# #.## #......#


There were no monsters in sight!

Vanquished Creatures
  An adder (D:2)
  A dart slug (D:1)
  4 ball pythons
  3 bats
  4 endoplasms
  3 giant cockroaches
  2 goblins
  A hobgoblin (D:2)
  3 kobolds (D:1)
  2 quokkas
  14 frilled lizards (D:1)
  4 rats (D:1)
42 creatures vanquished.

Notes
Turn   | Place    | Note
-------+----------+-------------------------------------------
     0 | D:1      | Flugslaktarn the Minotaur Fighter began the quest for the
                  | Orb.
     0 | D:1      | Reached XP level 1. HP: 19/19 MP: 0/0
    83 | D:1      | Found Kesmetuopn's Antique Weapon Boutique.
   229 | D:1      | Reached XP level 2. HP: 27/27 MP: 1/1
   266 | D:1      | Found Wiybriuc's Weapon Shoppe.
   273 | D:1      | Found Cilucw's General Store.
   431 | D:1      | Reached XP level 3. HP: 32/33 MP: 2/2
   635 | D:1      | Found Vaastat's Magic Scroll Boutique.
   704 | D:1      | Noticed a golden eye
   707 | D:1      | Found a faded altar of an unknown god.
   709 | D:1      | Noticed a golden eye
   709 | D:1      | Noticed a great orb of eyes
   709 | D:1      | Noticed an eye of devastation
   722 | D:1      | Found Siedgh's Book Emporium.
   851 | D:1      | Prayed at the altar of an unknown god.
   851 | D:1      | Became a worshipper of Ru the Awakened
   869 | D:1      | Gained mutation: You cannot study or cast Earth magic. [Ru
                  | sacrifice]
   869 | D:1      | Gained mutation: You cannot study or cast Hexes magic. [Ru
                  | sacrifice]
   869 | D:1      | Gained mutation: You cannot study or cast Summoning magic.
                  | [Ru sacrifice]
   869 | D:1      | Reached * piety under Ru
  1050 | D:2      | Noticed Sigmund
  1077 | D:2      | Slain by Sigmund

Illustrated notes

Levels and vault maps discovered:
D:1:      reono_arrival_forest_river, layout_loops_ring,
          hellmonk_ecumenical_altar_watching_god, serial_shops, shop, shop,
          nicolae_shop_rolled_up, shop, shop, minmay_lizard_pond
D:2:      minmay_skewed_foursquare, layout_basic, uniq_sigmund

Skill      XL: |  1  2  3 |
---------------+----------+-----
Axes           | 3 |  3.5
Fighting       | 4 |  4.1
Armour         | 4 |  4.1
Shields        | 4 |  4.1

Action                     || total
---------------------------++-------
  Melee: War axe           ||   113
         Headbutt          ||     8
 Invoke: Sacrifice Arcana  ||     1
    Use: Potion            ||     2
 Armour: Scale mail        ||    94
  Dodge: Dodged            ||    46
  Block: Buckler           ||    32

Table legend: (Time is in decaauts)
 A = Elapsed time spent in this place.
 B = Non-inter-level travel time spent in this place.
 C = Inter-level travel time spent in this place.
 D = Time resting spent in this place.
 E = Time spent auto-exploring this place.
 F = Levels seen in this place.
 G = Mean time per level.
                   A        B        C        D        E       F      G
               +--------+--------+--------+--------+--------+-----+--------+
         Total |   1158 |    999 |    159 |      0 |    732 |   2 |  579.0 |
       Dungeon |   1158 |    999 |    159 |      0 |    732 |   2 |  579.0 |
               +--------+--------+--------+--------+--------+-----+--------+

Top non-repeatable levels by time:
     D:1: 945 daAuts
     D:2: 213 daAuts
